 Dungeon Crawl Stone Soup version 0.31-a0-702-gf82c85558f (webtiles) character file.

Game seed: 10327061331559550482

226 qw the Shooter (level 6, -3/38 HPs)
             Began as a Gargoyle Hunter on Sept 7, 2023.
             Slain by an ogre
             ... wielding a +0 giant club
              (23 damage)
             ... on level 4 of the Dungeon.
             The game lasted 00:01:10 (2369 turns).

qw the Shooter (Gargoyle Hunter)                    Turns: 2369, Time: 00:01:10

Health: -3/38      AC: 12    Str: 15    XL:     6   Next: 1%
Magic:  6/6        EV: 11    Int:  9    God:
Gold:   116        SH:  0    Dex: 15    Spells: 5/5 levels left

rFire   . . .        Y - +0 shortbow
rCold   + . .        (shield currently unavailable)
rNeg    + + .        d - +0 ring mail
rPois   inf          (no helmet)
rElec   +            (no cloak)
rCorr   .            (no gloves)
SInv    .            l - +0 pair of boots
Will    +....        (no amulet)
Stlth   +            c - ring of positive energy
HPRegen 0.26/turn    f - ring of protection from cold
MPRegen 0.10/turn

%: no passive effects
@: no status effects
A: sickness immunity, AC +4, negative energy resistance 1, electricity
resistance, torment resistance 1, petrification resistance, iridescent scales 1,
strong-willed 1
a: no special abilities


You were on level 4 of the Dungeon.
You visited 1 branch of the dungeon, and saw 4 of its levels.

You collected 116 gold pieces.


Innate Abilities, Weirdness & Mutations

You are immune to sickness and miasma.
Your stone body is resilient. (AC +4)
You are immune to poison.
You resist negative energy. (rN+)
You are resistant to electric shocks. (rElec)
You are resistant to unholy torment.
You are immune to petrification.
You are partially covered in iridescent scales. (AC +2)
You are strong-willed. (Will+)


   Skills:
 - Level 4.0 Fighting
 + Level 6.1 Ranged Weapons
 - Level 1.0 Armour
 - Level 1.5 Dodging
 - Level 1.1 Stealth


You had 5 spell levels left.
You didn't know any spells.
Your spell library was empty.

Inventory:

Hand Weapons
 Y - a +0 shortbow (weapon)
Armour
 d - a +0 ring mail (worn)
 l - a +0 pair of boots (worn)
Jewellery
 c - a ring of positive energy (left hand)
 f - a ring of protection from cold (right hand)
Scrolls
 h - a scroll of identify
Potions
 a - a potion of enlightenment
 e - a potion of mutation
 g - a potion of degeneration {unknown}
 j - 2 potions of curing

Dungeon Overview and Level Annotations

Branches:
Dungeon (4/15)
 Temple: D:4-7

Altars:
Zin


Message History

An ogre comes into view. It is wielding a +0 giant club.
You shoot an arrow.
The arrow hits the jackal but does no damage.
The jackal is lightly wounded.
A goblin comes into view. It is wielding a +0 club.
You shoot an arrow. The arrow barely misses the jackal.
The goblin shouts!
The arrow hits the jackal.
The jackal is almost dead.
The jackal closely misses you.
You shoot an arrow. The arrow hits the jackal!
You kill the jackal!
The jackal bites you but does no damage.
The jackal closely misses you.
You shoot an arrow. The arrow hits the jackal!
You kill the jackal!
The jackal misses you.
The jackal bites you but does no damage.
You shoot an arrow. The arrow hits the jackal.
The jackal is moderately wounded.
The jackal bites you but does no damage.
You shoot an arrow. The arrow hits the jackal.
The jackal is severely wounded.
The jackal bites you. The ogre hits you with a +0 giant club!
The jackal bites you but does no damage.
The jackal closely misses you.
You shoot an arrow. The arrow barely misses the jackal.
The jackal closely misses you. The jackal misses you.
The ogre hits you but does no damage.
You shoot an arrow. The arrow barely misses the jackal.
The jackal barely misses you. x3; The jackal closely misses you.
The ogre hits you with a +0 giant club!
You shoot an arrow. The arrow hits the jackal.
The jackal is almost dead.
The jackal bites you but does no damage. x2
The goblin hits you but does no damage.
The jackal bites you but does no damage. x2
The ogre hits you with a +0 giant club!!
Ouch! That really hurt!
You die...

+##### .....+ .....#
.....#
#########g....#
#.......@O....#
#.......hh....+
#.............#
#####'######'##
#..#...........
#..'......... ..
#..#......... .
########'##.........
#.............######


You could see an ogre, 2 jackals and a goblin.

Vanquished Creatures
  An orc priest (D:3)
  An orc wizard (D:3)
  4 gnolls
  4 adders
  An ufetubus (D:2)
  A worm (D:2)
  3 dart slugs
  3 orcs (D:3)
  6 ball pythons
  5 endoplasms
  7 giant cockroaches
  9 goblins
  8 hobgoblins
  2 jackals (D:4)
  7 quokkas
  5 bats
  3 frilled lizards
  5 kobolds
  4 rats
79 creatures vanquished.

Notes
Turn   | Place    | Note
-------+----------+-------------------------------------------
     0 | D:1      | qw the Gargoyle Hunter began the quest for the Orb.
     0 | D:1      | Reached XP level 1. HP: 12/12 MP: 1/1
     0 | D:1      | 0 ||| qw: Version: 0.3-a-76-g4403597
     0 | D:1      | 0 ||| qw: Game counter: 892
     0 | D:1      | 0 ||| qw: Melee chars always use a shield: true
     0 | D:1      | 0 ||| qw: God list: Okawaru
     0 | D:1      | 0 ||| qw: Allow faded altars: false
     0 | D:1      | 0 ||| qw: Do Orc after clearing Dungeon:15 true
     0 | D:1      | 0 ||| qw: Do second Lair branch before Depths: true
     0 | D:1      | 0 ||| qw: Lair rune preference: random
     0 | D:1      | 0 ||| qw: Goals: Normal
     0 | D:1      | 0 ||| PLANNING D:1-11
    82 | D:1      | Reached XP level 2. HP: 17/17 MP: 2/2
   183 | D:1      | HP: 3/17 [kobold/+0 short sword (4)]
   191 | D:1      | HP: 4/17 [quokka (1)]
   294 | D:1      | Reached XP level 3. HP: 21/21 MP: 3/3
   302 | D:1      | Reached skill level 5 in Ranged Weapons
   514 | D:1      | 514 ||| UPGRADING to +0 ring mail.
   524 | D:1      | 524 ||| DROPPING +0 leather armour.
   525 | D:1      | 525 ||| UPGRADING to +0 pair of boots.
   530 | D:1      | 530 ||| READING scroll labelled CAGYAT QALIMNU.
   533 | D:1      | 533 ||| READING 3 scrolls labelled JOASUJEHOF.
   534 | D:1      | 534 ||| READING scroll labelled IROARAINYW.
   535 | D:1      | 535 ||| READING 2 scrolls labelled NIAJOIMELA.
   536 | D:1      | 536 ||| READING scroll labelled VEAXIG URAMIH.
   537 | D:1      | 537 ||| DRINKING 2 fuming green potions.
   537 | D:1      | Gained mutation: You are strong-willed. (Will+) [potion of
                  | mutation]
   537 | D:1      | Gained mutation: You are partially covered in iridescent
                  | scales. (AC +2) [potion of mutation]
   538 | D:1      | 538 ||| READING 2 scrolls of identify.
   538 | D:1      | 538 ||| IDENTIFYING fizzy white potion
   539 | D:1      | 539 ||| DROPPING scroll of butterflies.
   540 | D:1      | 540 ||| DROPPING potion of lignification.
   541 | D:1      | 541 ||| DROPPING scroll of amnesia.
   749 | D:2      | Reached skill level 1 in Armour
   759 | D:2      | 759 ||| RETREATING.
   769 | D:2      | Reached skill level 3 in Fighting
   769 | D:2      | Reached XP level 4. HP: 28/28 MP: 4/4
   781 | D:2      | 781 ||| FLEEEEING.
   782 | D:2      | 782 ||| FLEEEEING.
   783 | D:2      | 783 ||| FLEEEEING.
   784 | D:2      | 784 ||| FLEEEEING.
   785 | D:2      | 785 ||| FLEEEEING.
  1516 | D:2      | 1516 ||| UPGRADING to ring of positive energy.
  1517 | D:2      | 1517 ||| UPGRADING to ring of protection from cold.
  1518 | D:2      | 1518 ||| READING scroll labelled XAOLAMYLIGA.
  1519 | D:2      | 1519 ||| READING 3 scrolls labelled YKKYQI QANNITZ.
  1520 | D:2      | 1520 ||| READING 2 scrolls labelled UZUUKE ATOT.
  1521 | D:2      | 1521 ||| DRINKING 2 fizzy coppery potions.
  1522 | D:2      | 1522 ||| READING 2 scrolls of identify.
  1522 | D:2      | 1522 ||| IDENTIFYING golden potion
  1523 | D:2      | 1523 ||| DROPPING 2 scrolls of fear.
  1524 | D:2      | 1524 ||| DROPPING scroll of immolation.
  1631 | D:3      | Reached XP level 5. HP: 30/32 MP: 5/5
  1821 | D:3      | Reached skill level 6 in Ranged Weapons
  1824 | D:3      | HP: 5/32 [orc priest/+0 war axe (6)]
  2047 | D:3      | 2047 ||| Stepping ~*~*~tactically~*~*~ (outnumbered).
  2052 | D:3      | 2052 ||| Stepping ~*~*~tactically~*~*~ (outnumbered).
  2161 | D:3      | Found a glowing silver altar of Zin.
  2178 | D:3      | Reached XP level 6. HP: 38/38 MP: 6/6
  2323 | D:3      | 2323 ||| READING 2 scrolls of identify.
  2323 | D:3      | 2323 ||| IDENTIFYING fizzy grey potion
  2324 | D:3      | 2324 ||| DROPPING potion of attraction.
  2369 | D:4      | Slain by an ogre

Levels and vault maps discovered:
D:1:      psy_arrival_spokes, layout_rooms
D:2:      layout_basic
D:3:      minmay_angry_zag, layout_basic, zin_treasury
D:4:      layout_gridville, lemuel_tele_altar

Skill      XL: |  1  2  3  4  5 |
---------------+----------------+-----
Ranged Weapons | 5 6 |  6.1
Armour         | 1 |  1.0
Fighting       | 3 4 |  4.0
Dodging        | |  1.5
Stealth        | |  1.1

Action                     |  1- 3 |  4- 6 || total
---------------------------+-------+-------++-------
   Fire: Shortbow          |   125 |   170 ||   295
    Use: Scroll            |     6 |     5 ||    11
         Potion            |     1 |     1 ||     2
 Armour: Leather armour    |    25 |       ||    25
         Ring mail         |    12 |    92 ||   104
  Dodge: Dodged            |    48 |    61 ||   109

Table legend:
 A = Non-vault XP
 B = Vault XP
 C = Vault XP percentage of total XP
 D = Non-vault monster count
 E = Vault monster count
 F = Vault count percentage of total count
                 A         B        C        D         E       F
            +---------+---------+-------+---------+---------+-------
      Total |     313 |      10 |   3.1 |      73 |       6 |   7.6
            +---------+---------+-------+---------+---------+-------
        D:1 |      55 |       0 |   0.0 |      25 |       0 |   0.0
        D:2 |     108 |       0 |   0.0 |      23 |       0 |   0.0
        D:3 |     146 |      10 |   6.4 |      23 |       6 |  20.7
        D:4 |       4 |       0 |   0.0 |       2 |       0 |   0.0
            +---------+---------+-------+---------+---------+-------
